 Dungeon Crawl Stone Soup version 0.18-a0-1788-g92de1ac (webtiles) character file.

8425 Duffy the Protected (level 11, -3/84 HPs)
             Began as a Mummy Fighter on Apr 20, 2016.
             Was the Champion of Cheibriados.
             Killed by Ozocubu's Refrigeration
             ... invoked by Fannar
              (16 damage)
             ... on level 1 of the Orcish Mines.
             The game lasted 00:16:50 (12496 turns).

Duffy the Protected (Mummy Fighter)                Turns: 12496, Time: 00:16:51

Health: -3/84      AC: 20    Str: 37    XL:     11   Next: 9%
Magic:  24/24      EV:  6    Int: 23    God:    Cheibriados [******]
Gold:   260        SH: 13    Dex: 27    Spells: 0 memorised, 10 levels left

rFire  . . .     SeeInvis .     e - +3 dagger (venom)
rCold  . . .     Gourm    .     n - +0 plate armour
rNeg   + + +     Faith    +     c - +0 shield
rPois  ∞         Spirit   .     b - +0 helmet
rElec  .         Dismiss  .     (no cloak)
rCorr  .         Reflect  .     d - +0 pair of gloves
SustAt .         Harm     .     s - +2 pair of boots
MR     +....                    l - amulet of faith
Stlth  ..........               t - ring of magical power
                                y - ring of fire

@: very slow, somewhat resistant to hostile enchantments, extremely unstealthy
A: no food or potions, fire vulnerability, cold resistance 1, negative energy
resistance 3, torment resistance, unbreathing
a: Bend Time, Temporal Distortion, Slouch, Step From Time, Renounce Religion


You were on level 1 of the Orcish Mines.
You worshipped Cheibriados.
Cheibriados was exalted by your worship.
You were not hungry.

You visited 3 branches of the dungeon, and saw 12 of its levels.
You also visited: Ossuary.

You collected 559 gold pieces.
You spent 299 gold pieces at shops.


Innate Abilities, Weirdness & Mutations

You do not eat or drink.
Your flesh is vulnerable to fire.
You are immune to poison.
Your flesh is cold resistant.
You are immune to negative energy.
You are immune to unholy pain and torment.
You can survive without breathing.


   Skills:
 - Level 7.0 Fighting
 + Level 8.2 Axes
 - Level 9.0 Armour
 - Level 3.8 Shields
 + Level 6.5 Invocations


You had 10 spell levels left.
You didn't know any spells.

Inventory:

Hand Weapons
 a - a +0 war axe
 e - a +3 dagger of venom (weapon)
 g - a +0 battleaxe
Armour
 b - a +0 helmet (worn)
 c - a +0 shield (worn)
 d - a +0 pair of gloves (worn)
 n - a +0 plate armour (worn)
 s - a +2 pair of boots (worn)
Jewellery
 l - an amulet of faith (around neck)
 r - an uncursed ring of ice
 t - a ring of magical power (right hand)
 y - a ring of fire (left hand)
 B - an uncursed ring of sustain attributes
Wands
 m - a wand of disintegration (5/24)
 p - a wand of acid (4/15)
 A - a wand of heal wounds (1/9)
 C - a wand of paralysis (15/24)
Scrolls
 f - 2 scrolls of fog
 h - 3 scrolls of fear
 j - 5 scrolls of remove curse
 k - a scroll of immolation
 o - 3 scrolls of teleportation
 v - 3 scrolls of magic mapping
 z - a scroll of enchant weapon {unknown}
Books
 u - a book of Necromancy
 w - a book of Dreams
 x - a book of Debilitation

Dungeon Overview and Level Annotations

Branches:
Dungeon (10/15)            Temple (1/1) D:6            Lair (0/8) D:10
    Orc (1/2) D:10

Altars:
Ashenzari
Cheibriados
Dithmenos
Elyvilon
Fedhas
Gozag
Kikubaaqudgha
Makhleb
Nemelex Xobeh
Okawaru
Pakellas
Qazlal
Ru
Sif Muna
Trog
Vehumet
Xom
Yredelemnul
Zin
The Shining One
Beogh

Shops:
D:5 *   D:6 =

Annotations:
Orc:1 Fannar


Message History

Charge which item? (? for menu, Esc to quit)
Your wand of heal wounds {empty} glows for a moment.
Fannar hits you but does no damage.
Evoke which item? (* to show all) (? for menu, Esc to quit)
Zapping:
A - a wand of heal wounds {recharged} (will waste charges)
Press: ? - help, Shift-Dir - straight line, f - you You feel much better.
Evoking this partially-identified wand wasted a few charges.
Fannar casts a spell at you. The bolt of cold hits you!
Your shield and plate armour prevent you from hitting Fannar.
Fannar is moderately wounded.
Fannar hits you but does no damage.
You hit Fannar but do no damage.
Fannar looks even sicker.
Fannar is heavily wounded.
Fannar glares icily.
Fannar hits you but does no damage.
You hit Fannar.
Fannar is heavily wounded.
Fannar hits you but does no damage.
You hit Fannar but do no damage.
Fannar is heavily wounded.
You block Fannar's attack.
You hit Fannar but do no damage.
Fannar is heavily wounded.
Fannar casts a spell.
Fannar drains the heat from the surrounding environment!
You feel very cold.
Fannar is frozen.
Fannar resists.
Fannar is severely wounded.
You hit Fannar but do no damage.
Fannar is severely wounded.
Fannar gestures wildly while chanting.
Fannar drains the heat from the surrounding environment!
You feel very cold.
You die...

. .. ...
.e.. ###
##...#
##e##....#
#@#.<..#
#####....#
.#T..# ##
.... ...
.T #


You could see Fannar.

Action                   |  1- 3 |  4- 6 |  7- 9 | 10-12 || total
-------------------------+-------+-------+-------+-------++-------
Melee: War axe           |    46 |     8 |    80 |     8 ||   142
       Dagger            |    83 |   220 |   488 |   575 ||  1366
Evoke: Wand              |       |       |       |     4 ||     4
  Use: Scroll            |       |     7 |     6 |     3 ||    16
Armor: Scale mail        |    54 |    71 |       |       ||   125
       Plate armour      |       |    25 |   339 |   291 ||   655
Dodge: Dodged            |    38 |    49 |    88 |   118 ||   293
Block: Shield            |    80 |   106 |   285 |   374 ||   845

Notes
Turn   | Place    | Note
--------------------------------------------------------------
     0 | D:1      | Duffy the Mummy Fighter began the quest for the Orb.
     0 | D:1      | Reached XP level 1. HP: 18/18 MP: 1/1
   101 | D:1      | Reached skill level 2 in Axes
   116 | D:1      | Reached XP level 2. HP: 15/24 MP: 2/2
   563 | D:1      | Reached XP level 3. HP: 25/29 MP: 3/3
   810 | D:1      | You fall through a shaft!
  1266 | D:2      | Reached skill level 3 in Armour
  1618 | D:2      | Reached XP level 4. HP: 35/35 MP: 4/4
  1790 | D:2      | Reached skill level 4 in Fighting
  2029 | D:3      | Reached XP level 5. HP: 39/42 MP: 5/5
  2466 | D:3      | Reached skill level 3 in Shields
  3207 | D:4      | Reached XP level 6. HP: 41/48 MP: 6/6
  3432 | D:4      | Reached skill level 4 in Armour
  4131 | D:5      | Entered Level 5 of the Dungeon
  4226 | D:5      | Noticed Menkaure
  4244 | D:5      | Killed Menkaure
  4244 | D:5      | Reached skill level 5 in Armour
  4244 | D:5      | Reached XP level 7. HP: 27/54 MP: 7/7
  4434 | D:5      | Found Meohetil's General Store.
  4442 | D:5      | Bought a scroll of identify for 24 gold pieces
  4510 | D:5      | Noticed Blork the orc
  4521 | D:5      | Killed Blork the orc
  4524 | D:5      | Reached skill level 6 in Armour
  4624 | D:5      | Found a stormy altar of Qazlal.
  4854 | D:6      | Noticed Grinder
  4854 | D:6      | Found a sand-covered staircase.
  4867 | Ossuary  | Entered an ossuary
  4867 | Ossuary  | Noticed a wraith
  4867 | Ossuary  | Noticed a wraith
  4867 | Ossuary  | Noticed a wraith
  4972 | Ossuary  | Noticed a wraith
  4999 | Ossuary  | Killed a wraith
  5434 | D:6      | Found a staircase to the Ecumenical Temple.
  5445 | Temple   | Entered the Ecumenical Temple
  5688 | Temple   | Became a worshipper of Cheibriados the Contemplative
  5738 | D:6      | Reached skill level 7 in Armour
  5738 | D:6      | Reached XP level 8. HP: 60/60 MP: 8/8
  5781 | D:6      | Found Fagishro's Jewellery Emporium.
  5848 | D:6      | Noticed a moth of wrath
  5851 | D:6      | Found a bloodstained altar of Trog.
  5921 | D:5      | Killed Grinder
  6013 | D:5      | Reached skill level 8 in Armour
  6015 | D:5      | Reached * piety under Cheibriados
  6495 | D:6      | Found a deep blue altar of Sif Muna.
  6804 | D:6      | Reached ** piety under Cheibriados
  6804 | D:6      | Reached skill level 9 in Armour
  6885 | D:7      | You fall through a shaft for 3 floors!
  6885 | D:10     | Entered Level 10 of the Dungeon
  6924 | D:10     | Reached skill level 3 in Axes
  6924 | D:10     | Reached XP level 9. HP: 53/66 MP: 9/9
  6947 | D:10     | Found a staircase to the Lair.
  6947 | D:10     | Reached skill level 5 in Fighting
  7391 | D:7      | Reached skill level 4 in Axes
  7701 | D:7      | Reached skill level 6 in Fighting
  7757 | D:6      | Bought an uncursed ring of fire for 275 gold pieces
  7850 | D:7      | Reached *** piety under Cheibriados
  7927 | D:7      | Reached skill level 5 in Axes
  8267 | D:7      | Reached skill level 7 in Fighting
  8630 | D:8      | Reached skill level 1 in Invocations
  8640 | D:8      | Found a sparkling altar of Nemelex Xobeh.
  8644 | D:8      | Found a shimmering altar of Xom.
  8645 | D:8      | Found an oddly glowing altar of Pakellas.
  8645 | D:8      | Found a burning altar of Makhleb.
  8650 | D:8      | Found a sacrificial altar of Ru.
  8756 | D:8      | Reached **** piety under Cheibriados
  9025 | D:8      | Reached skill level 2 in Invocations
  9025 | D:8      | Reached XP level 10. HP: 61/79 MP: 11/11
  9160 | D:9      | Reached skill level 6 in Axes
  9422 | D:9      | Reached skill level 3 in Invocations
  9615 | D:8      | Reached ***** piety under Cheibriados
  9970 | D:9      | Found a roughly hewn altar of Beogh.
 10075 | D:9      | Reached skill level 4 in Invocations
 10119 | D:9      | Reached skill level 7 in Axes
 10570 | D:10     | Reached skill level 5 in Invocations
 11182 | D:10     | Found a staircase to the Orcish Mines.
 11329 | D:10     | Reached skill level 6 in Invocations
 11492 | D:10     | Reached ****** piety under Cheibriados
 11698 | D:10     | Noticed a hill giant
 11711 | D:10     | Killed a hill giant
 11711 | D:10     | Reached skill level 8 in Axes
 11711 | D:10     | Reached XP level 11. HP: 17/84 MP: 15/15
 11995 | D:10     | Found a blossoming altar of Fedhas.
 12459 | Orc:1    | Entered Level 1 of the Orcish Mines
 12459 | Orc:1    | Noticed Fannar
 12496 | Orc:1    | Killed from afar by Fannar

Vault maps used:
D:1:      dpeg_arrival_simpleton_c, minmay_door_square, minmay_distorted
D:2:      nicolae_underground_beach
D:3:      st_stairs_5
D:5:      kennysheep_mini_moat, serial_shops, shop, first_bread, goddamned_bats,
          uniq_blork_the_orc, uniq_menkaure
D:6:      tgw_trog, lemuel_blue_sif_altar, minmay_temple_entry_butterflies,
          nicolae_ossuary_entry_monument, serial_shops, shop_statue,
          minmay_misc_feat_more_columns, uniq_grinder
D:8:      minitemple, worms_lemuel
D:9:      special_room, bh_walls_and_bars
D:10:     lair_0_dummy, orc_0_dummy, hangedman_little_slice_of_home,
          st_stairs_1, fedhas_altar_4
Temple:   oiseaux_autumnal_temple_12
Orc:1:    nicolae_volcano_entry_vermiform, mines2_david, uniq_fannar,
          uniq_josephine
Ossuary:  ossuary_due_mausoleum

Vanquished Creatures
  A hill giant
  A centaur zombie
  A troll Grinder
  6 yaks
  A wraith
  2 hungry ghosts Menkaure
  2 hippogriffs
  A soldier ant
  A swamp worm
  A mottled dragon
  6 orc warriors
  4 sky beasts
  2 ice beasts
  3 black bears
  2 phantoms
  2 necrophages
  6 ogres
  3 centaurs
  A crocodile
  2 big kobolds Blork the orc
  3 giant frogs
  3 scorpions
  3 killer bees
  A vampire bat
  3 howler monkeys
  6 crimson imps
  3 giant frog zombies
  6 jellies
  7 orc priests
  4 hounds
  8 orc wizards
  A centaur skeleton
  3 iguanas
  8 worker ants
  A hound zombie
  A mummy
  4 gnolls
  10 adders
  A shadow imp
  6 oozes
  3 adder skeletons
  11 worms
  2 dart slugs
  3 fire bats
  8 giant geckos
  40 orcs
  2 spectral bats
  16 bats
  3 bat skeletons
  A bat zombie
  4 giant cockroaches
  15 goblins
  11 hobgoblins
  19 jackals
  3 quokkas
  A bat simulacrum
  A giant gecko skeleton
  A giant newt
  7 gnoll skeletons
  A jackal zombie
  11 kobolds
  4 kobold skeletons
  14 orc skeletons
  9 rats
  A butterfly
  2 plants
326 creatures vanquished.
